 Dungeon Crawl Stone Soup version 0.29.1-12-g30fa7ad0bf (webtiles) character file.

Game seed: 8559453580945447725

2061697 concernfroge the Cryomancer (level 27, 204/221 HPs)
             Began as a Barachi Ice Elementalist on Jan 4, 2023.
             Was the Champion of Vehumet.
             Escaped with the Orb
             ... and 4 runes on Jan 7, 2023!
             The game lasted 08:31:39 (85336 turns).

concernfroge the Cryomancer (BaIE)                 Turns: 85336, Time: 08:31:39

Health: 204/221    AC: 28    Str: 15      XL:     27
Magic:  44/44      EV: 23    Int: 26 (28) God:    Vehumet [******]
Gold:   2644       SH: 20    Dex: 23      Spells: 6/60 levels left

rFire   + + .      SeeInvis +   b - staff of air
rCold   + + +      Faith    .   t - +5 kite shield {reflect}
rNeg    + . .      Spirit   .   B - +8 faerie dragon scales {Regen+ rCorr Dex+6}
rPois   +          Reflect  +   (no helmet)
rElec   +          Harm     .   m - scarf {repulsion}
rCorr   +          Rampage  .   E - +0 pair of gloves of Foolhardiness {rN+ Will+}
Will    +++++                   C - +2 pair of boots
Stlth   +.........              X - amulet "Vuc Vewk" {RegenMP rC+ Regen+ Dex+5}
HPRegen 2.06/turn               V - ring "Coisui Rugio" {rPois rC++ AC+4 SInv}
MPRegen 0.69/turn               L - ring "Kimakhlag" {rF++ Will+ Int+3}

@: studying Ranged Weapons, repel missiles, slow
A: amphibious, slowness 1, strong legs 2, +LOS, deterioration 1, dopey 1,
strong-willed 1, screaming 1, strong 1, wild magic 1, no potion heal 1,
inability to read after injury 2
0: Orb of Zot
}: 4/15 runes: decaying, serpentine, slimy, silver
a: Hop, Renounce Religion


You escaped.
You worshipped Vehumet.
Vehumet was exalted by your worship.
You visited 11 branches of the dungeon, and saw 53 of its levels.

You collected 9570 gold pieces.
You spent 6926 gold pieces at shops.

Inventory:

Hand Weapons
 a - the +6 mace of Watchfulness {spect, rN+ Will+ MP+9}
   (You bought it in a shop on level 1 of the Elven Halls)

   When its wielder attacks, the weapon's spirit leaps out and strikes again.
   The spirit shares a part of any damage it takes with its wielder.
   rN:        It protects you from negative energy.
   MP:        It affects your magic capacity (+9).
   Will:      It increases your willpower.
Missiles
 f - 5 throwing nets
Armour
 m - a scarf of repulsion (worn)
 t - a +5 kite shield of reflection (worn)
 B - the +8 faerie dragon scales (worn) {Regen+ rCorr Dex+6}
   (You took it off the Enchantress on level 4 of the Depths)

   Dex:       It affects your dexterity (+6).
   Regen:     It increases your rate of health regeneration.
   rCorr:     It protects you from acid and corrosion.
 C - a +2 pair of boots (worn)
 E - the +0 pair of gloves of Foolhardiness (worn) {rN+ Will+}
   (You bought it in a shop on level 4 of the Snake Pit)

   rN:        It protects you from negative energy.
   Will:      It increases your willpower.
 F - a +2 robe of the Archmagi
Magical Staves
 b - a staff of air (weapon)
Jewellery
 j - the ring of Tount {rPois rF+ Int+6}
   (You took it off a tengu conjurer on level 15 of the Dungeon)

   [ring of intelligence]

   Int:       It affects your intelligence (+6).
   rF:        It protects you from fire.
   rPois:     It protects you from poison.
 L - the ring "Kimakhlag" (right hand) {rF++ Will+ Int+3}
   (You found it on level 5 of the Vaults)

   [ring of willpower]

   Int:       It affects your intelligence (+3).
   rF:        It greatly protects you from fire.
   Will:      It increases your willpower.
 Q - a ring of willpower
 V - the ring "Coisui Rugio" (left hand) {rPois rC++ AC+4 SInv}
   (You took it off a deep elf pyromancer on level 3 of the Elven Halls)

   [ring of protection]

   AC:        It affects your AC (+4).
   rC:        It greatly protects you from cold.
   rPois:     It protects you from poison.
   SInv:      It lets you see invisible.
 X - the amulet "Vuc Vewk" (around neck) {RegenMP rC+ Regen+ Dex+5}
   (You found it on level 5 of the Pits of Slime)

   [amulet of magic regeneration]

   It increases your rate of magic regeneration.
   Dex:       It affects your dexterity (+5).
   rC:        It protects you from cold.
   Regen:     It increases your rate of health regeneration.
Wands
 g - a wand of mindburst (37)
 s - a wand of digging (6)
 u - a wand of roots (16)
 y - a wand of polymorph (45)
 D - a wand of paralysis (30)
 Y - a wand of acid (12)
Scrolls
 d - 12 scrolls of teleportation
 k - 9 scrolls of vulnerability
 l - 2 scrolls of amnesia
 n - a scroll of enchant weapon
 r - 7 scrolls of fear
 I - 4 scrolls of blinking
 M - 6 scrolls of immolation
 N - 12 scrolls of fog
 O - 8 scrolls of noise
 T - 12 scrolls of poison
Potions
 c - 6 potions of invisibility
 e - 6 potions of flight
 i - 4 potions of resistance
 o - 10 potions of brilliance
 p - 7 potions of might
 w - 5 potions of heal wounds
 x - 11 potions of lignification
 A - 7 potions of magic
 G - 3 potions of haste
 P - 23 potions of curing
 U - 7 potions of cancellation
 Z - 7 potions of attraction
Miscellaneous
 h - a tin of tremorstones (2/2)
 z - a phial of floods
 H - a lightning rod (4/4)
 J - a phantom mirror
 R - a condenser vane


   Skills:
 - Level 19.0 Fighting
 - Level 14.0 Maces & Flails
 + Level 18.4 Armour
 - Level 16.0 Dodging
 - Level 5.0 Stealth
 - Level 16.0 Shields
 - Level 17.0 Spellcasting
 - Level 16.0 Conjurations
 - Level 10.0 Necromancy
 - Level 10.0 Translocations
 - Level 14.0 Transmutations
 - Level 24.0 Ice Magic
 - Level 15.0 Air Magic
 - Level 12.0 Earth Magic
 - Level 10.0 Evocations


You had 6 spell levels left.
You knew the following spells:

 Your Spells              Type           Power      Damage    Failure   Level
a - Conjure Ball Lightni  Conj/Air       58%        3x3d21    1%          6
c - Ozocubu's Armour      Ice            100%       N/A       1%          3
d - Hailstorm             Conj/Ice       100%       3d20      1%          4
e - Ensorcelled Hibernat  Hex/Ice        100%       N/A       1%          2
f - Passage of Golubria   Tloc           77%        N/A       1%          4
g - Irradiate             Conj/Tmut      46%        3d27      1%          5
h - Sublimation of Blood  Necr           77%        N/A       1%          2
i - Blink                 Tloc           100%       N/A       1%          2
j - Iron Shot             Conj/Erth      44%        9d9       1%          6
k - Borgnjor's Vile Clut  Necr/Erth      40%        N/A       2%          5
l - Apportation           Tloc           100%       N/A       1%          1
m - Polar Vortex          Ice            56%        N/A       9%          9
n - Freezing Cloud        Conj/Ice/Air   61%        6-21      1%          5

Your spell library contained the following spells:

 Spells                   Type           Power      Damage    Failure   Level
 Lehudib's Crystal Spear  Conj/Erth      44%        10d11     28%         8
 Beastly Appendage        Tmut           100%       N/A       1%          1
 Foxfire                  Conj/Fire      100%       2x1d9     1%          1
 Freeze                   Ice            100%       1d11      1%          1
 Magic Dart               Conj           100%       1d8       1%          1
 Necrotise                Necr           100%       1d9       1%          1
 Sting                    Tmut/Pois      100%       1d8       1%          1
 Passwall                 Tmut/Erth      71%        N/A       1%          2
 Poisonous Vapours        Pois/Air       100%       N/A       1%          2
 Static Discharge         Conj/Air       100%       3-16/arc  1%          2
 Wereblood                Tmut           89%        N/A       1%          2
 Conjure Flame            Conj/Fire      70%        6-21      1%          3
 Dazzling Flash           Conj/Hex       100%       N/A       1%          3
 Frozen Ramparts          Ice            100%       1d16      1%          3
 Gell's Gravitas          Tloc           77%        N/A       1%          3
 Ignite Poison            Fire/Tmut/Pois 57%        N/A       1%          3
 Lesser Beckoning         Tloc           77%        N/A       1%          3
 Spider Form              Tmut/Pois      66%        N/A       1%          3
 Stone Arrow              Conj/Erth      100%       3d13      1%          3
 Swiftness                Air            100%       N/A       1%          3
 Teleport Other           Tloc           77%        N/A       1%          3
 Animate Dead             Necr           77%        N/A       1%          4
 Dispel Undead            Necr           77%        3d25      1%          4
 Flame Wave               Conj/Fire      70%        2d16      1%          4
 Fulminant Prism          Conj/Hex       35%        3d18      1%          4
 Ice Form                 Ice/Tmut       100%       N/A       1%          4
 Petrify                  Tmut/Erth      86%        N/A       1%          4
 Sticky Flame             Conj/Fire      70%        2d8       1%          4
 Summon Ice Beast         Ice/Summ       83%        N/A       1%          4
 Iskenderun's Battlesphe  Conj           95%        2d14      1%          5
 Lightning Bolt           Conj/Air       58%        1d80      1%          5
 Metabolic Englaciation   Hex/Ice        41%        N/A       1%          5
 Simulacrum               Ice/Necr       48%        N/A       1%          6
 Fireball                 Conj/Fire      35%        3d15      2%          5
 Scorch                   Fire           56%        2d8       3%          2
 Manifold Assault         Tloc           77%        N/A       3%          5
 Yara's Violent Unravell  Hex/Tmut       33%        3d14      3%          5
 Inner Flame              Hex/Fire       28%        N/A       5%          3
 Summon Small Mammal      Summ           100%       N/A       8%          1
 Silence                  Hex/Air        43%        N/A       10%         5
 Starburst                Conj/Fire      35%        6d10      10%         6
 Call Imp                 Summ           28%        N/A       11%         2
 Alistair's Intoxication  Tmut/Pois      44%        N/A       11%         5
 Eringya's Noxious Bog    Tmut/Pois      33%        N/A       13%         6
 Olgreb's Toxic Radiance  Pois           28%        N/A       16%         4
 Death Channel            Necr           38%        N/A       17%         6
 Confusing Touch          Hex            28%        N/A       21%         3
 Tukima's Dance           Hex            28%        N/A       21%         3
 Summon Forest            Summ/Tloc      29%        N/A       22%         5
 Summon Mana Viper        Hex/Summ       28%        N/A       83%         5
 Summon Cactus Giant      Summ           14%        N/A       100%        6
 Orb of Destruction       Conj           47%        9d12      2%          7
 Storm Form               Tmut/Air       56%        N/A       14%         7
 Maxwell's Capacitive Co  Air            57%        ∞         21%         8
 Chain Lightning          Conj/Air       58%        3d77      89%         9
 Disjunction              Tloc           38%        N/A       99%         8
 Monstrous Menagerie      Summ           14%        N/A       100%        7
 Summon Hydra             Summ           14%        N/A       100%        7
 Discord                  Hex            14%        N/A       100%        8
 Summon Horrible Things   Summ           14%        N/A       100%        8
 Fire Storm               Conj/Fire      35%        8d9       100%        9
 Shatter                  Erth           41%        3d32*     100%        9


Dungeon Overview and Level Annotations

Branches:
Dungeon (15/15)            Temple (1/1) D:5            Lair (5/5) D:11
  Swamp (4/4) Lair:2        Snake (4/4) Lair:3        Slime (5/5) Lair:5
    Orc (2/2) D:11            Elf (3/3) Orc:2        Vaults (5/5) D:13
  Crypt (0/3) Vaults:3     Depths (4/4) D:15            Zot (5/5) Depths:4

Altars:
Ashenzari
Cheibriados
Dithmenos
Elyvilon
Fedhas
Gozag
Hepliaklqana
Kikubaaqudgha
Makhleb
Nemelex Xobeh
Okawaru
Qazlal
Ru
Sif Muna
Trog
Uskayaw
Vehumet
Wu Jian
Xom
Yredelemnul
Zin
The Shining One

Shops:
D:10 **   D:15 [   Orc:2 ?:?*   Elf:1 (   Elf:2 *(!:*   Snake:1 *   Snake:4 [*(
Vaults:2 [   Vaults:3 (   Vaults:4 !   Vaults:5 [

Portals:
Hell: Depths:1 Depths:2 Depths:3 Depths:4
Abyss: D:13 Depths:3
Pandemonium: Depths:1 Depths:2
Ziggurat: Depths:1

Annotations:
D:2 Sigmund
Swamp:4 Roxanne
Elf:2 3 runed translucent doors, exclusion: 3 doors
Depths:2 1 transporter
Zot:3 1 runed translucent door, exclusion: door, Sostolov's ghost, legendary MiAK
Zot:4 1 runed translucent door, exclusion: door, Gupaxyh's ghost, veteran TrCA


Innate Abilities, Weirdness & Mutations

You are amphibious.
You cover ground slowly.
You can hop long distances.
You have an extended range of vision and can be seen from far away.
Your body sometimes deteriorates upon taking damage.
You are dopey. (Int -2)
You are strong-willed. (Will+)
You occasionally shout uncontrollably at your foes.
Your muscles are strong. (Str +4, Int/Dex -1)
Your spells are a little harder to cast, but a little more powerful.
Potions are less effective at restoring your health.
You sometimes lose the ability to read scrolls when taking damage.


Message History

A neqoxec comes into view.
The winds around you calm down.
The Tzitzimitl calls on the powers of darkness!
Your body is wracked with pain!
Blink to where?
Press: ? - help, Dir - move target
As you read the scroll of blinking, it crumbles to dust.
You climb upwards.
Level annotation: Sigmund
There is a stone staircase leading down here.
Blink to where?
Press: ? - help, Dir - move target
As you read the scroll of blinking, it crumbles to dust.
A mysterious force pulls you upwards. The hatch slams shut behind you.
(D) Dungeon (T) Temple (L) Lair (S) Swamp (P) Snake Pit (M) Slime Pits (O) Orcish Mines (E) Elven Halls (V) Vaults (C) Crypt (U) Depths (H) Hell (Z) Zot
Where to? (Enter - D:1 @ (x,y), ? - help)
What level of the Dungeon? (default 1, ? - help) 2 golden eyes come into view.
Casting: Polar Vortex (dangerous; 9% risk of failure)
Confirm with . or Enter, or press ? or * to list all spells.
A great freezing vortex appears and lifts you up.
The golden eye blinks!
The golden eye blinks at you. You resist with almost no effort.
The golden eye blinks at you. You resist with almost no effort.
The golden eye blinks!
The winds around you start to calm down.
You float gracefully downwards.
The golden eye blinks at you. You resist with almost no effort.
The golden eye blinks!
The winds around you calm down.
There is a large open door here.
Blink to where?
Press: ? - help, Dir - move target
As you read the scroll of blinking, it crumbles to dust.
You have escaped!

# #...#
#.#.#........ #
####.###
#.#...####... #
#....#.#
#.###.#......
########.##G..#
#.###........
..........#..♣#
#.......#####
..######....♣♣
#########
.......#..#.######
#.####.####.#....#
..# #h#....'.8.@#
###### ### ###
#.#....'.8..# #....#
#.) # #.#....#....#
#.#### #.# #
#.##...###########.#
#.# ###.......♣
#.....# #.#
#.......#.♣ #.#####
#.# #.#######.♣ #.#
#######.# #.# #.♣#
#.# #.......# #.#
##.# #.# #.#######


There were no monsters in sight!

Vanquished Creatures
  the Royal Jelly (Slime:5)
  8 orbs of fire
  An ancient lich (Vaults:5)
  3 dread liches (Zot:5)
  Mennas (Vaults:4)
  A juggernaut (Depths:1)
  Sojobo (Depths:2)
  Frederick (Depths:4)
  Saint Roka (Vaults:4)
  4 Killer Klowns (Zot:5)
  Nikola (Swamp:3)
  2 curse toes
  10 golden dragons
  the Enchantress (Depths:4)
  A bone dragon (Depths:4)
  2 electric golems (Zot:5)
  9 quicksilver dragons
  A walking earthen tome (Depths:1)
  18 tentacled monstrosities
  3 titans
  7 liches
  A walking divine tome (Depths:3)
  28 Orb Guardians
  3 deep elf blademasters (Elf:3)
  2 deep elf master archers (Elf:3)
  5 sphinxes
  An ancient champion (Depths:2)
  An Executioner (Zot:1)
  21 acid blobs
  12 death cobs
  7 tengu reavers
  2 thorn hunters (Swamp:4)
  The ghost of BlueDiskette the Severer, an adept MiBe of Trog (Swamp:4)
  13 shadow dragons
  12 storm dragons
  7 rockslimes
  9 draconian monks
  8 nagarajas
  11 azure jellies
  13 frost giants
  A fenstrider witch (Lair:2)
  An iron dragon (Depths:3)
  7 draconian knights
  The ghost of mif the Severer, a journeyman MiBe of Trog (Snake:2)
  Aizul (Snake:1)
  12 fire giants
  4 ghost moths
  13 deep elf sorcerers
  A fire giant (shapeshifter) (Depths:2)
  2 orc warlords
  9 draconian scorchers
  20 vault wardens
  6 draconian shifters
  5 draconian stormcallers
  4 deep elf elementalists (Elf:3)
  17 stone giants
  9 draconian annihilators
  8 quicksilver oozes
  17 ironbound preservers
  9 ironbound thunderhulks
  3 spriggan defenders (Depths:4)
  36 very ugly things
  9 green draconians
  2 war gargoyles (Vaults:5)
  5 vampire knights
  Nessos (Orc:2)
  A demonspawn black sun (Zot:1)
  4 deep elf demonologists (Elf:3)
  13 black draconians
  A lorocyproca (Depths:1)
  4 eleionomae
  An entropy weaver (Vaults:4)
  13 deep elf annihilators
  6 spark wasps
  13 yellow draconians
  3 bunyips
  14 white draconians
  Azrael (Orc:1)
  6 purple draconians
  An entropy weaver (shapeshifter) (Vaults:5)
  12 dire elephants
  19 red draconians
  5 deep elf death magi
  Snorg (D:10)
  The ghost of Ixoagrun the Bludgeoner, a journeyman MiFi of Okawaru (Lair:3)
  11 fire dragons
  13 yaktaur captains
  15 ettins
  9 deep elf high priests
  Josephine (D:12)
  33 hydras
  6 great orbs of eyes
  A shambling mangrove (Swamp:1)
  5 rakshasas
  34 vault guards
  8 anacondas
  10 ice dragons
  A quicksilver dragon skeleton (Depths:1)
  2 salamander tyrants
  4 boulder beetles
  A catoblepas (Lair:5)
  A ghost crab (Swamp:3)
  8 alligators
  7 spriggan air magi
  10 centaur warriors
  11 tengu warriors
  A two-headed ogre (D:9)
  10 ironbound frosthearts
  17 dancing weapons
  10 deep troll shamans
  10 naga warriors
  4 death yaks (Lair:5)
  8 orc high priests
  9 deep troll earth magi
  9 shock serpents
  4 spriggan berserkers
  7 naga sharpshooters
  A hell knight (Depths:4)
  14 deep elf knights
  Sonja (Orc:1)
  3 sun demons
  4 salamander mystics
  9 iron trolls
  A goliath frog (shapeshifter) (Depths:4)
  4 goliath frogs
  4 skeletal warriors (Depths:2)
  5 glowing orange brains
  6 sea snakes (Snake:4)
  3 flayed ghosts
  4 spriggan druids
  2 glowing orange brains (shapeshifter)
  69 deep trolls
  A death drake (shapeshifter) (Elf:3)
  10 deep elf archers
  8 phantasmal warriors
  4 naga ritualists
  4 necromancers
  7 wizards
  13 swamp dragons
  3 bog bodies
  24 ironbound convokers
  7 mana vipers
  9 lindwurms
  7 harpies
  21 deep elf pyromancers
  24 deep elf zephyrmancers
  9 orc knights
  8 shining eyes
  A wolf spider (shapeshifter) (Vaults:3)
  19 salamanders
  3 oklob plants
  2 wolf spiders (Lair:5)
  8 cyclopes
  17 moths of wrath
  7 orc sorcerers
  2 large abominations (D:13)
  3 manticores
  38 black mambas
  4 guardian serpents
  6 elephants (Lair:5)
  46 ugly things
  A molten gargoyle (Depths:1)
  A rust devil (Depths:1)
  13 vault sentinels
  Maurice (D:8)
  16 naga magi
  2 ice statues (Lair:3)
  A water nymph (shapeshifter) (Depths:4)
  2 eyes of devastation
  A gargoyle (D:13)
  A fire giant skeleton (Depths:1)
  19 cane toads
  3 rime drakes
  Psyche (D:8)
  A kobold demonologist (D:9)
  2 komodo dragons (shapeshifter)
  2 freezing wraiths
  3 efreet
  5 tengu conjurers
  2 komodo dragons
  2 hellions
  38 yaktaurs
  A spectral naga (Snake:1)
  A troll (shapeshifter) (D:13)
  A red devil (D:13)
  9 trolls
  14 hornets
  9 polar bears (Lair:5)
  A wind drake (shapeshifter) (Vaults:5)
  99 slime creatures
  2 tarantellas (shapeshifter)
  9 tyrant leeches
  9 blink frogs
  A raiju (Lair:5)
  2 dream sheep (shapeshifter) (Vaults:5)
  A flying skull (Vaults:3)
  14 spriggans
  A shadow (D:11)
  12 wraiths
  33 yaks
  4 water elementals
  2 air elementals
  11 wyverns
  A spriggan skeleton (Depths:1)
  27 fire elementals
  2 vampires
  4 basilisks
  Grum (D:10)
  4 redbacks
  A steam dragon (D:9)
  Edmund (D:5)
  6 vampire mosquitoes
  15 swamp worms
  20 wargs
  An acid dragon (D:11)
  25 nagas
  21 water moccasins
  20 hell hounds
  9 swamp drakes
  6 floating eyes
  26 orc warriors
  An ice beast (D:7)
  6 ogres
  11 black bears (Lair:5)
  16 wolves
  A centaur (D:10)
  3 boggarts (Vaults:3)
  2 kobold brigands
  17 bullfrogs
  A necrophage (D:8)
  4 scorpions
  2 gnoll sergeants
  An earth elemental (Elf:2)
  21 wights
  5 howler monkeys
  An electric eel (Lair:4)
  2 hounds
  7 jellies
  Crazy Yiuf (D:6)
  39 orc priests
  2 iguanas (D:5)
  28 orc wizards
  11 gnolls
  8 adders
  A white imp (D:7)
  An ufetubus (D:7)
  The ghost of Ghostmaker01 the Trooper, a weakling FoAK of Lugonu (D:13)
  4 dart slugs
  83 orcs
  10 ball pythons
  3 bats
  11 endoplasms
  3 giant cockroaches
  5 hobgoblins
  5 jackals
  12 kobolds
  2 quokkas
  2 frilled lizards
  7 goblins
  4 rats
  24 briar patches (Swamp:4)
2192 creatures vanquished.

Vanquished Creatures (collateral kills)
  Rupert (D:12)
  A very ugly thing (Vaults:3)
  An ettin (Orc:1)
  Fannar (D:12)
  A hydra (Lair:5)
  Harold (D:11)
  A two-headed ogre (D:11)
  Urug (Lair:3)
  A gargoyle (D:11)
  A wyvern (Lair:5)
  A fire elemental (Orc:1)
  An orc warrior (Orc:1)
  4 orcs (D:12)
16 creatures vanquished.

Vanquished Creatures (others)
  A nagaraja (Snake:4)
  A draconian knight (Zot:1)
  A ghost moth (Zot:5)
  A draconian shifter (Zot:3)
  A white draconian (Depths:4)
  A moth of wrath (Zot:1)
  A bloated husk (Swamp:2)
  A swamp drake (Swamp:2)
  An orc wizard (Orc:1)
  An orc (Orc:2)
  6 ball lightnings (Elf:3)
  24 fungi
  83 plants
  2 withered plants (Zot:3)
125 creatures vanquished.

Grand Total: 2333 creatures vanquished

Notes
Turn   | Place    | Note
-------+----------+-------------------------------------------
     0 | D:1      | concernfroge the Barachi Ice Elementalist began the quest
                  | for the Orb.
     0 | D:1      | Reached XP level 1. HP: 13/13 MP: 3/3
   262 | D:1      | Reached skill level 5 in Ice Magic
   284 | D:1      | Reached XP level 2. HP: 8/19 MP: 1/5
  1030 | D:1      | Reached XP level 3. HP: 22/24 MP: 4/7
  1036 | D:1      | Learned a level 3 spell: Frozen Ramparts
  1040 | D:1      | Learned a level 3 spell: Ozocubu's Armour
  1843 | D:2      | Noticed Sigmund
  2242 | D:2      | Found a faded altar of an unknown god.
  2403 | D:3      | Reached XP level 4. HP: 27/30 MP: 5/9
  2750 | D:3      | Reached skill level 1 in Fighting
  2832 | D:3      | Found a glowing golden altar of the Shining One.
  2843 | D:3      | Found a radiant altar of Vehumet.
  2843 | D:3      | Found a shadowy altar of Dithmenos.
  2844 | D:3      | Found a shimmering altar of Xom.
  2844 | D:3      | Found a shimmering altar of Xom.
  2844 | D:3      | Found an iron altar of Okawaru.
  3335 | D:4      | Reached skill level 6 in Ice Magic
  3336 | D:4      | Reached XP level 5. HP: 32/38 MP: 3/10
  3424 | D:4      | Learned a level 4 spell: Hailstorm
  3691 | D:4      | Reached XP level 6. HP: 23/46 MP: 1/12
  4411 | D:5      | Entered Level 5 of the Dungeon
  4459 | D:5      | Learned a level 2 spell: Ensorcelled Hibernation
  4594 | D:5      | Noticed Edmund
  4602 | D:5      | Reached skill level 7 in Ice Magic
  4610 | D:5      | Reached XP level 7. HP: 18/54 MP: 1/14
  4815 | D:5      | Found a hazy altar of Hepliaklqana.
  4861 | D:5      | Reached skill level 5 in Spellcasting
  4938 | D:5      | Found a shadowy altar of Dithmenos.
  4939 | D:5      | Noticed a shadow
  5339 | D:5      | Found a staircase to the Ecumenical Temple.
  5350 | Temple   | Entered the Ecumenical Temple
  5350 | Temple   | Found a transporter.
  5350 | Temple   | Found a transporter.
  5351 | Temple   | Found a transporter.
  5351 | Temple   | Found a transporter.
  5386 | Temple   | Became a worshipper of Vehumet
  5604 | D:5      | Reached skill level 5 in Fighting
  5617 | D:5      | Found a sacrificial altar of Ru.
  6014 | D:5      | Reached skill level 8 in Ice Magic
  6014 | D:5      | Reached XP level 8. HP: 56/62 MP: 11/16
  6536 | D:6      | Found a broken altar of Ashenzari.
  6919 | D:6      | Found a runed translucent door.
  6920 | D:6      | Noticed Crazy Yiuf
  7320 | D:7      | Found an ornate altar of the Wu Jian Council.
  7448 | D:7      | Reached skill level 9 in Ice Magic
  7543 | D:7      | Found a burning altar of Makhleb.
  7544 | D:7      | Noticed an Executioner
  7656 | D:7      | Reached * piety under Vehumet
  7656 | D:7      | Offered knowledge of Shock by Vehumet.
  7710 | D:7      | Reached XP level 9. HP: 70/72 MP: 15/19
  8517 | D:8      | Noticed Maurice
  8527 | D:8      | Killed Maurice
  8528 | D:8      | Reached skill level 10 in Ice Magic
  8538 | D:8      | Noticed a hornet
  8567 | D:8      | Killed a hornet
  9448 | D:5      | Killed Edmund
  9899 | D:8      | Reached XP level 10. HP: 77/83 MP: 16/22
  9966 | D:8      | Noticed Psyche
  9977 | D:8      | Killed Psyche
 10077 | D:8      | Learned a level 4 spell: Passage of Golubria
 10260 | D:8      | Found a stormy altar of Qazlal.
 10366 | D:8      | Reached skill level 1 in Translocations
 10369 | D:8      | Reached skill level 10 in Fighting
 11115 | D:9      | Reached skill level 11 in Ice Magic
 11724 | D:9      | Reached ** piety under Vehumet
 11724 | D:9      | Offered knowledge of Searing Ray by Vehumet.
 11791 | D:9      | Noticed a six-headed hydra
 11792 | D:9      | Noticed a kobold demonologist
 11792 | D:9      | Noticed a cyclops
 11796 | D:9      | Noticed a two-headed ogre
 11824 | D:9      | Noticed a rust devil
 12107 | D:10     | Entered Level 10 of the Dungeon
 12111 | D:10     | Noticed Snorg
 12200 | D:10     | Reached skill level 10 in Spellcasting
 12256 | D:10     | Reached XP level 11. HP: 90/90 MP: 15/25
 12257 | D:10     | Reached skill level 5 in Translocations
 12257 | D:10     | Reached skill level 12 in Ice Magic
 12258 | D:10     | Reached skill level 1 in Shields
 12412 | D:10     | Found Siatza's Elemental Accessories.
 12421 | D:10     | Bought a staff of cold for 275 gold pieces
 12473 | D:10     | Found Anymuoh's General Store.
 12517 | D:10     | Noticed Grum
 12524 | D:10     | Killed Grum
 12525 | D:10     | Reached skill level 5 in Shields
 12657 | D:10     | Bought a scroll of identify for 34 gold pieces
 12657 | D:10     | Bought a scroll of identify for 34 gold pieces
 12657 | D:10     | Bought a potion of heal wounds for 85 gold pieces
 12657 | D:10     | Bought a scroll of immolation for 68 gold pieces
 12732 | D:10     | Found a blossoming altar of Fedhas.
 12829 | D:11     | Offered knowledge of Scorch by Vehumet.
 13488 | D:11     | Noticed a manticore
 13493 | D:11     | Identified the +6 dagger "Otinlih" {drain, Str+3}
 13493 | D:11     | Noticed Harold
 13494 | D:11     | Reached *** piety under Vehumet
 13500 | D:11     | Killed a manticore
 13501 | D:11     | Reached skill level 5 in Dodging
 13501 | D:11     | Reached skill level 1 in Evocations
 13507 | D:11     | Killed Harold
 13758 | D:11     | Found a staircase to the Orcish Mines.
 13827 | D:11     | Noticed a two-headed ogre
 13832 | D:11     | Killed a two-headed ogre
 13833 | D:11     | Reached skill level 5 in Evocations
 13873 | D:11     | Found a staircase to the Lair.
 13903 | D:11     | Noticed a cyclops
 13915 | D:11     | Killed a cyclops
 13915 | D:11     | Offered knowledge of Sticky Flame by Vehumet.
 14088 | Lair:1   | Entered Level 1 of the Lair of Beasts
 14388 | Lair:1   | Reached skill level 5 in Stealth
 14390 | Lair:1   | Reached skill level 1 in Maces & Flails
 14392 | Lair:1   | Reached XP level 12. HP: 90/97 MP: 18/26
 14858 | Lair:1   | Reached skill level 5 in Maces & Flails
 15967 | Lair:2   | Reached **** piety under Vehumet
 16082 | Lair:2   | Found a sparkling altar of Nemelex Xobeh.
 16085 | Lair:2   | Noticed a four-headed hydra
 16094 | Lair:2   | Killed a four-headed hydra
 16281 | Lair:2   | Found a staircase to the Swamp.
 16549 | Lair:3   | Found a staircase to the Snake Pit.
 16930 | Lair:3   | Found a burning altar of Makhleb.
 17211 | Lair:3   | Offered knowledge of Lightning Bolt by Vehumet.
 17423 | Lair:3   | Reached skill level 10 in Maces & Flails
 17787 | Lair:3   | Noticed Urug
 17793 | Lair:3   | Killed Urug
 17842 | Lair:3   | Found a transporter.
 17850 | Lair:3   | Found a transporter.
 17851 | Lair:3   | Noticed Ixoagrun's ghost (journeyman MiFi)
 18540 | Lair:4   | Gained mutation: You can hop long distances. [Barachi
                  | growth]
 18540 | Lair:4   | Reached XP level 13. HP: 103/103 MP: 24/27
 19376 | D:10     | Killed Snorg
 19663 | Lair:5   | Entered Level 5 of the Lair of Beasts
 19744 | Lair:5   | Reached ***** piety under Vehumet
 19813 | Lair:5   | Offered knowledge of Iskenderun's Mystic Blast by Vehumet.
 20111 | Lair:5   | Reached skill level 1 in Armour
 20473 | Lair:5   | Reached skill level 5 in Armour
 20591 | Lair:5   | Noticed a quicksilver ooze
 20629 | Lair:5   | Killed a quicksilver ooze
 20884 | Lair:5   | Reached XP level 14. HP: 97/116 MP: 24/28
 21319 | Lair:5   | Noticed a dire elephant
 21339 | Lair:5   | Killed a dire elephant
 21352 | Lair:5   | Reached skill level 13 in Ice Magic
 21654 | Lair:5   | Offered knowledge of Iskenderun's Battlesphere by Vehumet.
 22396 | Lair:5   | Reached skill level 14 in Ice Magic
 22822 | Lair:5   | Found a staircase to the Slime Pits.
 24071 | D:9      | Identified the +4 plate armour of Indecent Exposure {rC-
                  | Will+ rCorr Int+6}
 24486 | D:12     | Noticed Rupert
 24496 | D:12     | Killed Rupert
 24524 | D:12     | Noticed Fannar
 24536 | D:12     | Killed Fannar
 25311 | D:12     | Noticed Josephine
 25318 | D:12     | Killed Josephine
 25624 | Orc:1    | Entered Level 1 of the Orcish Mines
 25633 | Orc:1    | Offered knowledge of Conjure Ball Lightning by Vehumet.
 25638 | Orc:1    | Reached skill level 10 in Armour
 25639 | Orc:1    | Reached XP level 15. HP: 91/123 MP: 15/30
 26166 | Orc:2    | Entered Level 2 of the Orcish Mines
 26166 | Orc:2    | Noticed Nessos
 26175 | Orc:2    | Killed Nessos
 26175 | Orc:2    | Noticed Sonja
 27182 | Orc:1    | Killed Sonja
 27626 | Orc:2    | Noticed Azrael
 27651 | Orc:1    | Killed Azrael
 28714 | Orc:2    | Found Gamouq's Book Shoppe.
 28784 | Orc:2    | Found Zapt's Magic Scroll Shop.
 28837 | Orc:2    | Bought a scroll of identify for 30 gold pieces
 28837 | Orc:2    | Bought a scroll of identify for 30 gold pieces
 28839 | Orc:2    | Bought a scroll of silence for 142 gold pieces
 28839 | Orc:2    | Bought a scroll of noise for 15 gold pieces
 28848 | Orc:2    | Found a staircase to the Elven Halls.
 29016 | Orc:2    | Found Sag Tagi's Magic Scroll Shop.
 29089 | Orc:2    | Bought a scroll of amnesia for 64 gold pieces
 29093 | Orc:2    | Found Hyd Tiq Xiash's General Store.
 29105 | Orc:2    | Reached skill level 10 in Shields
 29276 | Orc:2    | Bought an Inescapable Atlas for 374 gold pieces
 29276 | Orc:2    | Bought a potion of curing for 33 gold pieces
 29276 | Orc:2    | Bought a potion of haste for 110 gold pieces
 29276 | Orc:2    | Bought a potion of invisibility for 88 gold pieces
 29308 | Orc:2    | Bought a book of Alchemy for 392 gold pieces
 29314 | Orc:2    | Learned a level 5 spell: Irradiate
 29317 | Orc:2    | Learned a level 2 spell: Sublimation of Blood
 29424 | D:13     | Reached skill level 1 in Conjurations
 29424 | D:13     | Reached skill level 1 in Transmutations
 29450 | D:13     | Reached skill level 1 in Necromancy
 29680 | D:13     | Offered knowledge of Starburst by Vehumet.
 29936 | D:13     | Found a shimmering blue altar of Sif Muna.
 30113 | D:13     | Found a gate to the Vaults.
 30410 | D:13     | Found a transporter.
 30411 | D:13     | Found a transporter.
 30413 | D:13     | Noticed Ghostmaker01's ghost (weakling FoAK)
 30592 | D:13     | Found a one-way gate to the infinite horrors of the Abyss.
 31662 | D:15     | Entered Level 15 of the Dungeon
 31783 | D:15     | Found Seorphuca's Antique Armour Boutique.
 31807 | D:15     | Bought a runed cloak for 240 gold pieces
 31908 | D:15     | Identified the ring of Tount {rPois rF+ Int+6}
 32042 | D:15     | Found a broken altar of Ashenzari.
 32139 | D:15     | Found a staircase to the Depths.
 32139 | D:15     | Noticed a frost giant
 32150 | D:15     | Killed a frost giant
 32153 | D:15     | Gained mutation: You are frail. (-10% HP) [mutagenic glow]
 32168 | D:15     | Gained mutation: Your magical capacity is low. (-10% MP)
                  | [mutagenic glow]
 32249 | D:15     | Lost mutation: Your magical capacity is low. (-10% MP)
                  | [potion of mutation]
 32249 | D:15     | Lost mutation: You are frail. (-10% HP) [potion of
                  | mutation]
 32249 | D:15     | Gained mutation: You are occasionally teleported next to
                  | monsters. [potion of mutation]
 32250 | D:15     | Lost mutation: You are occasionally teleported next to
                  | monsters. [potion of mutation]
 32250 | D:15     | Gained mutation: You are robust. (+10% HP) [potion of
                  | mutation]
 32462 | D:15     | Reached XP level 16. HP: 138/143 MP: 27/31
 32919 | Swamp:1  | Entered Level 1 of the Swamp
 32964 | Snake:1  | Entered Level 1 of the Snake Pit
 33536 | Snake:1  | Learned a level 2 spell: Blink
 33540 | Snake:1  | Reached skill level 5 in Conjurations
 33661 | Snake:1  | Reached skill level 5 in Transmutations
 34339 | Snake:1  | Found Histroyfa's General Store.
 34348 | Snake:1  | Noticed Aizul
 34449 | Snake:1  | Killed Aizul
 34550 | Snake:1  | Offered knowledge of Iron Shot by Vehumet.
 34558 | Snake:1  | Learned a level 6 spell: Iron Shot
 34635 | Snake:1  | Bought a potion of curing for 42 gold pieces
 35617 | Snake:2  | Reached skill level 1 in Earth Magic
 36410 | Snake:2  | Found a runed translucent gate.
 36410 | Snake:2  | Found a runed translucent gate.
 36411 | Snake:2  | Found a runed translucent gate.
 36411 | Snake:2  | Noticed mif's ghost (journeyman MiBe)
 36711 | Snake:2  | Noticed a nagaraja
 36724 | Snake:2  | Reached skill level 5 in Necromancy
 36724 | Snake:2  | Killed a nagaraja
 37607 | Snake:3  | Noticed a nagaraja
 37613 | Snake:3  | Killed a nagaraja
 38021 | Snake:3  | Reached XP level 17. HP: 149/149 MP: 11/32
 38477 | Snake:4  | Entered Level 4 of the Snake Pit
 38561 | Snake:4  | Learned a level 5 spell: Borgnjor's Vile Clutch
 38563 | Snake:4  | Learned a level 1 spell: Apportation
 39652 | Snake:4  | Found Dazanae's Weapon Shoppe.
 39652 | Snake:4  | Found Heucai's Assorted Antiques.
 39697 | Snake:4  | Reached skill level 5 in Earth Magic
 39958 | Snake:4  | Found Kueq's Antique Armour Shoppe.
 39998 | Snake:4  | Bought a pair of faintly humming gloves for 370 gold pieces
 39998 | Snake:4  | Identified the +0 pair of gloves of Foolhardiness {rN+
                  | Will+} (You bought it in a shop on level 4 of the Snake
                  | Pit)
 40151 | Snake:4  | Found a shadowy altar of Dithmenos.
 40601 | Snake:4  | Reached skill level 10 in Dodging
 40749 | Snake:4  | Offered knowledge of Freezing Cloud by Vehumet.
 40988 | Snake:4  | Got a serpentine rune of Zot
 41209 | Elf:1    | Entered Level 1 of the Elven Halls
 41305 | Elf:1    | Found Idaxtib's Antique Weapon Emporium.
 41374 | Orc:2    | Bought a manual of Spellcasting for 1120 gold pieces
 41417 | Elf:1    | Paralysed by an air elemental for 1 turns
 41544 | Elf:1    | Reached XP level 18. HP: 157/157 MP: 26/33
 42216 | Elf:1    | Got the Guide on Blasts
 42782 | Elf:2    | Found Jext's Assorted Antiques.
 42842 | Elf:2    | Paralysed by an air elemental for 1 turns
 42847 | Elf:2    | Paralysed by an air elemental for 1 turns
 42959 | Elf:2    | Found Fami's Antique Weapon Boutique.
 43101 | Elf:2    | Found Yllec's Book Shop.
 43270 | Elf:2    | Found Payf's Distillery.
 43483 | Elf:2    | Found Ummetz's Assorted Antiques.
 43815 | Elf:2    | Found a runed translucent gate.
 43815 | Elf:2    | Found a runed translucent gate.
 43827 | Elf:2    | Found a runed translucent gate.
 44616 | Swamp:1  | Reached skill level 10 in Conjurations
 44649 | Swamp:1  | Offered knowledge of Spellforged Servitor by Vehumet.
 44712 | Swamp:1  | Reached skill level 10 in Transmutations
 45987 | Swamp:2  | Identified a scroll of acquirement
 45995 | Swamp:2  | Acquired 867 gold pieces
 46038 | Swamp:2  | Identified the ring "Xishuh" {rF+ Str+4 Int-5}
 46279 | Swamp:3  | Noticed Nikola
 47350 | Swamp:3  | Killed Nikola
 47590 | Swamp:4  | Entered Level 4 of the Swamp
 47831 | Swamp:4  | Reached XP level 19. HP: 152/163 MP: 4/37
 48006 | Swamp:4  | Found a runed translucent gate.
 48006 | Swamp:4  | Found a runed translucent gate.
 48006 | Swamp:4  | Found a runed translucent gate.
 48008 | Swamp:4  | Noticed BlueDiskette's ghost (adept MiBe)
 48337 | Swamp:4  | Reached ****** piety under Vehumet
 48337 | Swamp:4  | Offered knowledge of Lehudib's Crystal Spear by Vehumet.
 48337 | Swamp:4  | Offered knowledge of Chain Lightning by Vehumet.
 48337 | Swamp:4  | Offered knowledge of Polar Vortex by Vehumet.
 48354 | Swamp:4  | Reached skill level 10 in Earth Magic
 48681 | Swamp:4  | Reached skill level 10 in Necromancy
 48792 | Swamp:4  | Noticed Roxanne
 48920 | Swamp:4  | Got a decaying rune of Zot
 49360 | Swamp:4  | Learned a level 9 spell: Polar Vortex
 49568 | Elf:2    | Bought a slimy robe for 228 gold pieces
 49568 | Elf:2    | Identified the +1 robe of Courage {rF+} (You bought it in a
                  | shop on level 2 of the Elven Halls)
 49666 | Orc:2    | Bought a scroll of fear for 64 gold pieces
 49666 | Orc:2    | Bought a scroll of blinking for 120 gold pieces
 49666 | Orc:2    | Bought a scroll of blinking for 120 gold pieces
 49770 | Vaults:1 | Entered Level 1 of the Vaults
 49932 | Vaults:1 | Reached skill level 15 in Spellcasting
 50128 | Vaults:1 | Identified the +8 chain mail of Whack-A-Mole {Will+}
 52444 | Vaults:2 | Reached skill level 15 in Ice Magic
 52797 | Vaults:2 | Reached XP level 20. HP: 174/174 MP: 18/41
 53184 | Vaults:2 | Found Lejog's Antique Armour Boutique.
 53494 | Vaults:2 | Reached skill level 16 in Ice Magic
 54362 | Vaults:3 | Found Dutoemm's Weapon Shop.
 54547 | Vaults:3 | Reached skill level 17 in Ice Magic
 54919 | Vaults:3 | You fall into a shaft and drop 1 floor!
 55021 | Vaults:4 | Reached skill level 18 in Ice Magic
 55072 | Vaults:4 | Noticed Mennas
 55511 | Vaults:4 | Reached skill level 19 in Ice Magic
 56364 | Vaults:3 | Reached skill level 20 in Ice Magic
 56676 | Vaults:3 | Reached XP level 21. HP: 169/181 MP: 42/42
 57032 | Vaults:3 | Found a staircase to the Crypt.
 57207 | Vaults:3 | Reached skill level 21 in Ice Magic
 57940 | Depths:1 | Entered Level 1 of the Depths
 58053 | Depths:1 | Found a one-way gate leading to the halls of Pandemonium.
 58654 | Depths:1 | Reached skill level 22 in Ice Magic
 59276 | Depths:1 | Reached skill level 23 in Ice Magic
 59299 | Depths:1 | Noticed a golden dragon
 59305 | Depths:1 | Killed a golden dragon
 59653 | Depths:1 | Noticed a juggernaut
 59665 | Depths:1 | Killed a juggernaut
 60305 | Depths:1 | Reached skill level 24 in Ice Magic
 60590 | Depths:1 | Reached XP level 22. HP: 121/189 MP: 21/43
 60924 | Depths:1 | Found a gateway to Hell.
 61105 | Depths:1 | Found a one-way gateway to a ziggurat.
 61150 | Depths:1 | Found an opulent altar of Gozag.
 61300 | Depths:1 | You fall into a shaft and drop 1 floor!
 61300 | Depths:2 | Found a transporter.
 61300 | Depths:2 | Found a transporter.
 61365 | Depths:2 | Identified the ring "Demn" {Will+ Slay+4}
 61403 | Depths:2 | Paralysed by a floating eye for 4 turns
 61599 | Depths:2 | Identified the ring "Qiog" {rN+ AC+4 Int+2 SInv}
 61705 | Depths:2 | Noticed a golden dragon
 61706 | Depths:2 | Noticed a golden dragon
 61714 | Depths:2 | Killed a golden dragon
 61714 | Depths:2 | Killed a golden dragon
 61992 | Depths:2 | Noticed a golden dragon
 62001 | Depths:2 | Paralysed by a floating eye for 2 turns
 62007 | Depths:2 | Killed a golden dragon
 62091 | Depths:2 | Noticed Sojobo
 62101 | Depths:2 | Killed Sojobo
 62246 | Depths:2 | Identified the ring of Wonder {rN+ Will+++ Str+8 Int-5
                  | Dex-2}
 62287 | Depths:2 | Found an opulent altar of Gozag.
 63376 | Depths:3 | Reached XP level 23. HP: 82/195 MP: 2/44
 64035 | Depths:3 | Reached skill level 15 in Fighting
 64845 | Swamp:4  | Killed BlueDiskette's ghost
 64867 | Swamp:4  | Identified the amulet "Ufiudwos" {RegenMP rC+++ Will- Str+3
                  | Int+6}
 65133 | Elf:1    | Bought a smoking mace for 288 gold pieces
 65133 | Elf:1    | Identified the +6 mace of Watchfulness {spect, rN+ Will+
                  | MP+9} (You bought it in a shop on level 1 of the Elven
                  | Halls)
 65277 | D:13     | Killed Ghostmaker01's ghost
 65643 | D:6      | Killed Crazy Yiuf
 65865 | Lair:3   | Killed Ixoagrun's ghost
 66362 | Slime:1  | Entered Level 1 of the Pits of Slime
 66377 | Slime:2  | Gained mutation: Your body sometimes deteriorates upon
                  | taking damage. [a shining eye]
 66378 | Slime:2  | Gained mutation: You occasionally lose the ability to read
                  | scrolls when taking damage. [a shining eye]
 66892 | Slime:3  | Lost mutation: Your body sometimes deteriorates upon taking
                  | damage. [potion of mutation]
 66892 | Slime:3  | Lost mutation: You occasionally lose the ability to read
                  | scrolls when taking damage. [potion of mutation]
 66892 | Slime:3  | Lost mutation: You are robust. (+10% HP) [potion of
                  | mutation]
 66892 | Slime:3  | Gained mutation: Armour fits poorly on your strangely
                  | shaped body. [potion of mutation]
 66892 | Slime:3  | Gained mutation: You occasionally lose the ability to read
                  | scrolls when taking damage. [potion of mutation]
 66892 | Slime:3  | Gained mutation: You have a pair of small horns on your
                  | head. [potion of mutation]
 66893 | Slime:3  | Lost mutation: You have a pair of small horns on your head.
                  | [potion of mutation]
 66893 | Slime:3  | Lost mutation: Armour fits poorly on your strangely shaped
                  | body. [potion of mutation]
 66893 | Slime:3  | Lost mutation: You occasionally lose the ability to read
                  | scrolls when taking damage. [potion of mutation]
 66893 | Slime:3  | Gained mutation: Your mind is acute. (Int +4, Str/Dex -1)
                  | [potion of mutation]
 66893 | Slime:3  | Gained mutation: You passively map a small area around you.
                  | [potion of mutation]
 66893 | Slime:3  | Gained mutation: You occasionally lose the ability to drink
                  | potions when taking damage. [potion of mutation]
 66991 | Slime:4  | Gained mutation: You sometimes lose the ability to drink
                  | potions when taking damage. [a shining eye]
 67096 | Slime:4  | Gained mutation: Your body sometimes deteriorates upon
                  | taking damage. [a shining eye]
 67098 | Slime:4  | Reached skill level 10 in Evocations
 67179 | Slime:4  | Reached skill level 1 in Air Magic
 67649 | Slime:5  | Entered Level 5 of the Pits of Slime
 67937 | Slime:5  | Paralysed by a floating eye for 2 turns
 67938 | Slime:5  | Lost mutation: You sometimes lose the ability to drink
                  | potions when taking damage. [a shining eye]
 67943 | Slime:5  | Reached skill level 5 in Air Magic
 68132 | Slime:5  | Noticed the Royal Jelly
 68145 | Slime:5  | Killed the Royal Jelly
 68363 | Slime:5  | Gained mutation: You are clumsy. (Dex -2) [a shining eye]
 68372 | Slime:5  | Gained mutation: You are frail. (-10% HP) [a shining eye]
 68504 | Slime:5  | Identified the +5 spear "Beetlebane" {pain, rF- rN+ SInv}
 68537 | Slime:5  | Identified the +4 flail "Lapnagav" {flame, Will+ MP+9}
 68577 | Slime:5  | Got the Catalogue of the Red-Hot Chill
 68584 | Slime:5  | Learned a level 5 spell: Freezing Cloud
 68591 | Slime:5  | Identified the amulet "Vuc Vewk" {RegenMP rC+ Regen+ Dex+5}
 68614 | Slime:5  | Got a slimy rune of Zot
 68626 | Slime:5  | Identified the +5 scale mail of the Lotus Blossom {rC++}
 68894 | Lair:5   | Lost mutation: You are frail. (-10% HP) [potion of
                  | mutation]
 68894 | Lair:5   | Lost mutation: Your body sometimes deteriorates upon taking
                  | damage. [potion of mutation]
 68894 | Lair:5   | Lost mutation: Your mind is acute. (Int +4, Str/Dex -1)
                  | [potion of mutation]
 68894 | Lair:5   | Gained mutation: Your magical capacity is low. (-10% MP)
                  | [potion of mutation]
 68894 | Lair:5   | Gained mutation: You have a beak for a mouth. [potion of
                  | mutation]
 68895 | Lair:5   | Lost mutation: You are clumsy. (Dex -2) [potion of
                  | mutation]
 68895 | Lair:5   | Lost mutation: You passively map a small area around you.
                  | [potion of mutation]
 68895 | Lair:5   | Gained mutation: Your body sometimes deteriorates upon
                  | taking damage. [potion of mutation]
 68895 | Lair:5   | Gained mutation: You have hidden genetic potential. [potion
                  | of mutation]
 68896 | Lair:5   | Lost mutation: Your magical capacity is low. (-10% MP)
                  | [potion of mutation]
 68896 | Lair:5   | Lost mutation: You have a beak for a mouth. [potion of
                  | mutation]
 68896 | Lair:5   | Gained mutation: You are partially covered in iridescent
                  | scales. (AC +2) [potion of mutation]
 68897 | Lair:5   | Lost mutation: You have hidden genetic potential. [potion
                  | of mutation]
 68897 | Lair:5   | Lost mutation: Your body sometimes deteriorates upon taking
                  | damage. [potion of mutation]
 68897 | Lair:5   | Gained mutation: You sometimes lose your temper in combat.
                  | [potion of mutation]
 68898 | Lair:5   | Lost mutation: You are partially covered in iridescent
                  | scales. (AC +2) [potion of mutation]
 68898 | Lair:5   | Lost mutation: You occasionally lose the ability to drink
                  | potions when taking damage. [potion of mutation]
 68898 | Lair:5   | Gained mutation: You are somewhat resistant to further
                  | mutation. [potion of mutation]
 68899 | Lair:5   | Lost mutation: You are somewhat resistant to further
                  | mutation. [potion of mutation]
 68899 | Lair:5   | Lost mutation: You sometimes lose your temper in combat.
                  | [potion of mutation]
 68899 | Lair:5   | Gained mutation: Your mind is acute. (Int +4, Str/Dex -1)
                  | [potion of mutation]
 68899 | Lair:5   | Gained mutation: You have a pair of small antennae on your
                  | head. [potion of mutation]
 68899 | Lair:5   | Gained mutation: You have supernaturally acute eyesight.
                  | (SInv) [potion of mutation]
 68899 | Lair:5   | Gained mutation: You have sharp fingernails. [potion of
                  | mutation]
 69042 | Snake:2  | Learned a level 4 spell: Dispel Undead
 69047 | Snake:2  | Killed mif's ghost
 69125 | Snake:4  | Bought a garnet-encrusted ring mail for 351 gold pieces
 69125 | Snake:4  | Identified the +2 ring mail of Least Resistance {Harm
                  | Rampage Regen+ Slay-2} (You bought it in a shop on level 4
                  | of the Snake Pit)
 69125 | Snake:4  | Bought a glowing robe for 144 gold pieces
 69646 | Depths:4 | Entered Level 4 of the Depths
 69747 | Depths:4 | Noticed the Enchantress
 69759 | Depths:4 | Killed the Enchantress
 69761 | Depths:4 | Reached skill level 10 in Air Magic
 69761 | Depths:4 | Reached XP level 24. HP: 79/188 MP: 37/44
 69971 | Depths:4 | Identified the +6 falchion of Fundamental Breach {drain,
                  | rN+ Str+3}
 69988 | Depths:4 | Noticed Frederick
 69997 | Depths:4 | Killed Frederick
 70074 | Depths:4 | Found a gate to the Realm of Zot.
 71625 | Vaults:4 | Reached skill level 10 in Translocations
 71625 | Vaults:4 | Noticed Saint Roka
 71639 | Vaults:4 | Killed Saint Roka
 71896 | Vaults:4 | Found Isye's Distillery.
 72309 | Vaults:4 | Killed Mennas
 72357 | Vaults:5 | Entered Level 5 of the Vaults
 72637 | Vaults:5 | Found Xoezxiwn's Armour Boutique.
 72647 | Vaults:5 | Reached XP level 25. HP: 194/194 MP: 20/44
 72662 | Vaults:5 | Noticed an ancient lich
 72756 | Vaults:5 | Identified the +6 fire dragon scales "Fiemm" {+Blink rF++
                  | rC- rN+++ Dex-4 Slay+3}
 72813 | Vaults:5 | Killed an ancient lich
 72889 | Vaults:5 | Identified the +8 lajatang of the Hierophant {flame, Will-
                  | Int+3 Dex+10}
 72893 | Vaults:5 | Identified the ring "Kimakhlag" {rF++ Will+ Int+3}
 73157 | Vaults:5 | Identified the +5 plate armour of the Crypt {-Cast Harm
                  | Will- Str+8}
 73169 | Vaults:5 | Identified the +8 sling of Nopnot {venom, Int+2 Stlth+}
 73280 | Vaults:5 | Got a silver rune of Zot
 73460 | Vaults:5 | Identified the +8 falchion of Baff {speed, Contam rElec
                  | Str-5 SInv}
 73731 | Vaults:5 | Identified the +8 glaive "Iplaelel" {distort, rN+ Str+3
                  | Int+4 Dex-3}
 73787 | Vaults:5 | Got Ypnidily's Vademecum on Metamorphic Summoning
 73790 | Vaults:5 | Identified the +7 rapier "Sudghibymm" {freeze, Will+ Str+6
                  | SInv}
 73791 | Vaults:5 | Identified the +8 scale mail "Ezuemaz" {rElec Will+++ MP+9
                  | Int-5}
 73792 | Vaults:5 | Identified the +7 mace "Adinis" {pain, Dex+3}
 73793 | Vaults:5 | Identified the amulet "Saolioh" {Reflect +Inv rElec Dex-2
                  | SH+5 SInv}
 73803 | Vaults:5 | Got the Almanac of Algid Interference
 73806 | Vaults:5 | Identified the +0 ring mail of the Assorted Mouths {+Inv
                  | rPois rC++}
 73979 | Vaults:5 | Reached skill level 15 in Armour
 74051 | Vaults:5 | Learned a level 6 spell: Conjure Ball Lightning
 74321 | Snake:4  | Bought 2 potions of cancellation for 432 gold pieces
 74321 | Snake:4  | Bought a scroll of teleportation for 81 gold pieces
 74481 | Orc:2    | Bought a scroll of teleportation for 33 gold pieces
 74512 | Orc:2    | Bought a scroll of teleportation for 45 gold pieces
 74512 | Orc:2    | Bought a scroll of teleportation for 45 gold pieces
 74512 | Orc:2    | Bought a scroll of teleportation for 45 gold pieces
 74758 | Vaults:4 | Bought 2 potions of magic for 288 gold pieces
 74758 | Vaults:4 | Bought a potion of magic for 144 gold pieces
 75012 | Elf:2    | Bought a potion of cancellation for 320 gold pieces
 75012 | Elf:2    | Bought a potion of brilliance for 160 gold pieces
 75046 | Elf:2    | Bought 2 potions of invisibility for 256 gold pieces
 75057 | Elf:3    | Entered Level 3 of the Elven Halls
 75094 | Elf:3    | Found an ancient bone altar of Kikubaaqudgha.
 75735 | Elf:3    | Identified the ring "Coisui Rugio" {rPois rC++ AC+4 SInv}
 76131 | Elf:3    | Identified the amulet of Quecu {Regen+ Str+2 Int+3}
 76246 | Elf:3    | Identified the +6 hand axe "Muih" {antimagic, rF++}
 76254 | Elf:3    | Identified the +5 spear of the Tent {drain, rPois}
 76257 | Elf:3    | Identified the +2 ring mail "Dedehe" {rF+}
 76276 | Elf:3    | Got the Discourse on Curses
 76280 | Elf:3    | Identified the +9 shortbow "Rerchep" {speed, SInv}
 76281 | Elf:3    | Identified the +2 ring mail "Quryler" {Rampage Will- Dex+2}
 76286 | Elf:3    | Identified the amulet "Fumucs" {-Cast rPois Regen+ Slay+2
                  | SInv}
 76454 | Elf:3    | Acquired 764 gold pieces
 77598 | Zot:1    | Entered Level 1 of the Realm of Zot
 77978 | Zot:1    | Reached XP level 26. HP: 157/201 MP: 4/44
 80113 | Zot:3    | Found a runed translucent door.
 80116 | Zot:3    | Lost mutation: Your mind is acute. (Int +4, Str/Dex -1)
                  | [mutagenic glow]
 80224 | Zot:3    | Noticed Sostolov's ghost (legendary MiAK)
 80269 | Zot:3    | Reached skill level 15 in Dodging
 80410 | Zot:3    | Reached skill level 15 in Shields
 80492 | Zot:3    | You fall into a shaft and drop 1 floor!
 81403 | Zot:4    | Reached XP level 27. HP: 210/210 MP: 29/44
 81537 | Zot:4    | Found a runed translucent door.
 81698 | Zot:4    | Reached skill level 15 in Air Magic
 81806 | Zot:4    | Noticed an orb of fire
 81811 | Zot:4    | Killed an orb of fire
 82109 | Zot:4    | Noticed Gupaxyh's ghost (veteran TrCA)
 82155 | Zot:5    | Entered Level 5 of the Realm of Zot
 82159 | Zot:5    | Reached skill level 15 in Conjurations
 82592 | Zot:5    | Noticed an orb of fire
 82723 | Zot:5    | Noticed an orb of fire
 82723 | Zot:5    | Noticed an orb of fire
 82723 | Zot:5    | Noticed a dread lich
 82724 | Zot:5    | Noticed an orb of fire
 82733 | Zot:5    | Gained mutation: You sometimes lose your temper in combat.
                  | [an orb of fire]
 82735 | Zot:5    | Gained mutation: You have hidden genetic defects. [an orb
                  | of fire]
 82736 | Zot:5    | Killed an orb of fire
 82736 | Zot:5    | Noticed an orb of fire
 82739 | Zot:5    | Gained mutation: Your body sometimes deteriorates upon
                  | taking damage. [an orb of fire]
 82770 | Zot:5    | Killed an orb of fire
 82772 | Zot:5    | Gained mutation: You occasionally lose the ability to drink
                  | potions when taking damage. [an orb of fire]
 82845 | Zot:4    | Lost mutation: You have a pair of small antennae on your
                  | head. [potion of mutation]
 82845 | Zot:4    | Lost mutation: You have sharp fingernails. [potion of
                  | mutation]
 82845 | Zot:4    | Gained mutation: You are frail. (-10% HP) [potion of
                  | mutation]
 82846 | Zot:4    | Lost mutation: You sometimes lose your temper in combat.
                  | [potion of mutation]
 82846 | Zot:4    | Lost mutation: You are frail. (-10% HP) [potion of
                  | mutation]
 82846 | Zot:4    | Gained mutation: You passively map a small area around you.
                  | [potion of mutation]
 82847 | Zot:4    | Lost mutation: You have supernaturally acute eyesight.
                  | (SInv) [potion of mutation]
 82847 | Zot:4    | Lost mutation: You occasionally lose the ability to drink
                  | potions when taking damage. [potion of mutation]
 82847 | Zot:4    | Gained mutation: Your spells are a little harder to cast,
                  | but a little more powerful. [potion of mutation]
 82847 | Zot:4    | Gained mutation: You occasionally lose the ability to read
                  | scrolls when taking damage. [potion of mutation]
 82847 | Zot:4    | Gained mutation: You expend magic power (3 MP) to
                  | strengthen your wands. [potion of mutation]
 83252 | Snake:4  | Bought a potion of mutation for 216 gold pieces
 83252 | Snake:4  | Lost mutation: You expend magic power (3 MP) to strengthen
                  | your wands. [potion of mutation]
 83252 | Snake:4  | Lost mutation: You passively map a small area around you.
                  | [potion of mutation]
 83252 | Snake:4  | Gained mutation: You are strong-willed. (Will+) [potion of
                  | mutation]
 83252 | Snake:4  | Gained mutation: Your muscles are strong. (Str +4, Int/Dex
                  | -1) [potion of mutation]
 83685 | Zot:5    | Gained mutation: You sometimes lose the ability to read
                  | scrolls when taking damage. [an orb of fire]
 83688 | Zot:5    | Killed an orb of fire
 83688 | Zot:5    | Killed a dread lich
 83768 | Zot:5    | Killed an orb of fire
 83775 | Zot:4    | Gained mutation: You are dopey. (Int -2) [hidden defects]
 83807 | Zot:5    | Noticed an orb of fire
 83810 | Zot:5    | Killed an orb of fire
 83810 | Zot:5    | Killed an orb of fire
 83897 | Zot:5    | Noticed an orb of fire
 83901 | Zot:5    | Gained mutation: Potions are less effective at restoring
                  | your health. [an orb of fire]
 83906 | Zot:5    | Killed an orb of fire
 84107 | Zot:5    | Noticed a dread lich
 84116 | Zot:5    | Killed a dread lich
 84120 | Zot:5    | Noticed a dread lich
 84127 | Zot:5    | Killed a dread lich
 84209 | Zot:5    | Gained mutation: You occasionally shout uncontrollably at
                  | your foes. [hidden defects]
 84209 | Zot:5    | Lost mutation: You have hidden genetic defects. [hidden
                  | defects expressed]
 84846 | Zot:5    | Got the Orb of Zot
 85054 | Depths:2 | Noticed Xoimp the pandemonium lord
 85336 | D:$      | Escaped with the Orb!

Illustrated notes

Levels and vault maps discovered:
D:1:      sevenhm_arrival_forest_fort_small_6, layout_basic
D:2:      layout_rooms, shapermc_ecumenical_altar_notcrosses,
          minmay_worlds_worst_comb, uniq_sigmund
D:3:      layout_rooms, doesnt_xom_only_xom, minmay_pentangle
D:4:      layout_basic, kennysheep_big_empty_room, nicolae_grassy_gnolls
D:5:      layout_basic, marbit_many_paths, riverfiend_overflow_shadow_ancestor,
          minmay_temple_entry_trees, grunt_decor_arrowhead,
          kennysheep_small_square, uniq_edmund
D:6:      layout_basic, mainiacjoe_overflow_cross_hatched,
          uniq_crazy_yiuf_cottage
D:7:      layout_basic, pdpol_wu_jian_five_deadly_venoms,
          makhleb_altar_promises_db, kennysheep_generic_room_12
D:8:      layout_rooms, grunt_qazlal_clouds, serial_curves, eino_curves_01,
          eino_curves_01, eino_curves_04, kennysheep_generic_room_14,
          uniq_psyche, uniq_maurice
D:9:      layout_roguey, serial_park_tiny_pond, minmay_mirror_moons_of_madness
D:10:     layout_gridville, mainiacjoe_overflow_boulevard, serial_shops, shop,
          hangedman_decor_clover_reticule, nicolae_elemental_shop, uniq_grum,
          uniq_snorg
D:11:     layout_long_grid, dpeg_oklobed_lair, erik_orc_4, minmay_crystal_room,
          uniq_harold
D:12:     layout_gridville, nicolae_figureground_sparkle, uniq_fannar,
          uniq_rupert, uniq_josephine
D:13:     layout_loops_ring, erik_vaults_1, gammafunk_ghost_abyssal_escape,
          st_stairs_11, nicolae_sif_muna_condensation
D:14:     layout_gridville, minmay_staircase_bubble
D:15:     grunt_enter_depths_snipers, layout_irregular_city, serial_shops,
          nicolae_lakefront_shop, minivault_24, nicolae_ashenzari_panopticon
Temple:   hellmonk_temple_divided_pantheon
Lair:1:   layout_layer_cave
Lair:2:   layout_chaotic_city, swamp_mist, basic_altar,
          chequers_serial_rivers_micro_b, infiniplex_staircase_pool_2,
          grunt_megastairs_1
Lair:3:   layout_cellular_growth, minmay_snake_entry_spellcaster,
          nzn_ghost_randoct, lemuel_oklob_altar, uniq_urug
Lair:4:   layout_gridlike, minivault_24, infiniplex_staircase_pool
Lair:5:   hangedman_lair_tendril_chambers, layout_big_grid,
          hangedman_lair_caniforms_friends, minmay_slime_entry_oklob_enclosed,
          nicolae_lair_time_for_slime
Swamp:1:  layout_basic_swamp, hangedman_swamp_lotus, st_swamp_ruins_2
Swamp:2:  layout_basic_swamp, evilmike_swamp_ruin_house_2
Swamp:3:  layout_basic_swamp, portal_ice_cave_entry_pillars_four,
          evilmike_swamp_ruin_house_4, uniq_nikola
Swamp:4:  swamp, layout_basic_swamp, gammafunk_ghost_hydra_chop, uniq_roxanne
Snake:1:  layout_layer_cave, serial_shops, nicolae_shop_statue_plus,
          nicolae_snake_ghostly_warrior_ritual, uniq_aizul
Snake:2:  layout_chambers, ebering_ghost_rock_garden
Snake:3:  layout_honeycomb, lemuel_fruit_tree
Snake:4:  grunt_snake_rune_pools, layout_cave_town, serial_shops, shop,
          basic_altar, nicolae_snake_gridmaze_swirls, minmay_shoptagon
Slime:1:  layout_caves
Slime:2:  layout_caves
Slime:3:  layout_caves, nicolae_slime_barrier
Slime:4:  layout_caves
Slime:5
Orc:1:    layout_caves, basic_altar
Orc:2:    st_orc_town, layout_caves, uniq_sonja, uniq_nessos, uniq_azrael
Elf:1:    layout_geoelf_grid, minmay_elf_annihilation, minmay_shop_star
Elf:2:    elven_hall_of_blades_hangedman_original
          [nicolae_blade_entry_pointy_end], layout_loops_corners, serial_shops,
          nicolae_shop_waterfront, shop, nicolae_stop_n_shop_1,
          nicolae_stop_n_shop_1, nicolae_square_shop,
          hangedman_elf_targetted_burst
Elf:3:    minmay_elf_hall_four_x, layout_geoelf_octagon, basic_altar
Vaults:1: nicolae_vaults_what_the_h, v_misc_11, nicolae_vaults_three_branches,
          v_misc_15, hangedman_vaults_capsules, v_misc_4,
          nicolae_vaults_little_squares_6, nicolae_vaults_network_barrier,
          vaults_room_pool, ontoclasm_vaults_pinch, vaults_room_door_ring,
          nicolae_vaults_ring_of_whatevers, layout_vaults_ring
Vaults:2: nicolae_vaults_little_squares_3, nicolae_vaults_back_hallway,
          dpeg_vaults_monster_box, nicolae_vaults_circle_grid_b, v_misc_1,
          vaults_room_large_hall, vaults_room_hallway, vaults_mumra_hexcomb,
          v_misc_29, layout_vaults_quadrants, serial_shops, nicolae_square_shop
Vaults:3: vaults_room_fours, v_misc_29, hangedman_vaults_cutoff, v_pattern_5,
          vaults_standard_mumra_lines, vaults_dpeg_cross,
          nicolae_vaults_network_s, st_more_cells, nicolae_vaults_asterisk,
          minmay_crypt_entry_simple_box, nicolae_vaults_angled_halls,
          layout_vaults_big_room, serial_shops,
          nicolae_shop_bloodbath_and_beyond
Vaults:4: nicolae_vaults_network_quincunx
          [nicolae_vaults_network_quincunx_subvault,
          nicolae_vaults_network_quincunx_subvault,
          nicolae_vaults_network_quincunx_subvault,
          nicolae_vaults_network_quincunx_subvault,
          nicolae_vaults_network_quincunx_subvault], nicolae_vaults_rhombus_6,
          v_misc_29, v_misc_18, hangedman_vaults_slice, nicolae_vaults_theta,
          v_misc_31, v_rooms_1, layout_vaults_maze_snakey, serial_shops,
          nicolae_shop_hallway_stairs, uniq_saint_roka, uniq_mennas
Vaults:5
Depths:1: minmay_tearing_corner, layout_basic, enter_ziggurat_c,
          grunt_gozag_breadcrumbs, grunt_hell_entry_dis_mu,
          rand_demon_pan_entry_5, nooodl_orcs_dogs
Depths:2: hangedman_spin_cycle, hell_entry, pan_entry, serial_shops
Depths:3: minmay_ornate_pinched, layout_gridlike, nrook_mini_vaults, hell_entry,
          abyss_entry, st_stairs_1, infiniplex_staircase_spiral_double
Depths:4: grunt_zot_entry_tricorne, layout_honeycomb, hell_entry,
          uniq_josephina, uniq_frederick, uniq_enchantress
Zot:1:    layout_onion
Zot:2:    layout_basic
Zot:3:    layout_cathedral_of_symmetry, gammafunk_ghost_grave,
          grunt_megastairs_4
Zot:4:    lemuel_firehouse, layout_onion_interference, ebering_ghost_inner_flame
Zot:5:    layout_misc_corridors, grunt_ministairs_7

Skill      XL: |  1  2  3  4  5  6  7  8  9 10 11 12 13 14 15 16 17 18 19 20 21 22 23 24 25 26 27 |
---------------+----------------------------------------------------------------------------------+-----
Ice Magic      | 5 6 7 8 9 10 11 12 14 15 20 24 | 24.0
Spellcasting   | 3 4 5 6 8 10 11 14 17 | 17.0
Fighting       | 2 4 5 7 9 10 12 13 14 15 16 19 | 19.0
Translocations | 4 5 7 10 | 10.0
Shields        | 5 10 11 12 13 15 16 | 16.0
Dodging        | 5 6 8 10 11 13 15 16 | 16.0
Evocations     | 5 10 | 10.0
Stealth        | 5 |  5.0
Maces & Flails | 2 11 14 | 14.0
Armour         | 5 10 14 15 17 18 | 18.4
Conjurations   | 3 7 9 10 12 13 14 16 | 16.0
Transmutations | 3 7 9 10 12 13 14 | 14.0
Necromancy     | 3 5 6 9 10 | 10.0
Earth Magic    | 3 6 9 10 11 12 | 12.0
Air Magic      | 10 14 15 | 15.0

Action                   |  1- 3 |  4- 6 |  7- 9 | 10-12 | 13-15 | 16-18 | 19-21 | 22-24 | 25-27 || total
-------------------------+-------+-------+-------+-------+-------+-------+-------+-------+-------++-------
Melee: Unarmed           |     2 |       |       |       |       |       |       |       |       ||     2
       Whip              |     7 |     2 |       |       |       |       |       |       |       ||     9
       Punch             |     1 |       |     1 |       |       |       |       |       |       ||     2
       Short sword       |       |     5 |    14 |       |       |       |       |       |       ||    19
       Flail             |       |       |   117 |   310 |   724 |   452 |   131 |       |       ||  1734
       Staff             |       |       |       |    26 |       |       |     5 |     2 |     2 ||    35
       Mace              |       |       |       |       |       |       |       |     2 |       ||     2
Throw: Throwing net      |       |       |       |       |       |       |       |     3 |       ||     3
 Cast: Freeze            |    55 |    44 |    64 |    15 |     6 |     4 |       |       |       ||   188
       Frozen Ramparts   |     3 |    11 |    33 |    61 |   121 |   135 |    57 |     1 |       ||   422
       Ozocubu's Armour  |       |     4 |    20 |    59 |   101 |   107 |    53 |    14 |       ||   358
       Ensorcelled Hiber |       |     1 |       |       |     2 |     2 |       |       |       ||     5
       Hailstorm         |       |       |       |    36 |   128 |   215 |    91 |    21 |    21 ||   512
       Passage of Golubr |       |       |       |     1 |     6 |     2 |       |    10 |    14 ||    33
       Irradiate         |       |       |       |       |     5 |    56 |    37 |    19 |    68 ||   185
       Iron Shot         |       |       |       |       |       |    35 |   329 |   261 |   303 ||   928
       Borgnjor's Vile C |       |       |       |       |       |     1 |   165 |   131 |   161 ||   458
       Sublimation of Bl |       |       |       |       |       |     1 |    37 |     8 |    21 ||    67
       Blink             |       |       |       |       |       |     1 |       |     4 |       ||     5
       Polar Vortex      |       |       |       |       |       |       |     2 |    51 |    44 ||    97
       Dispel Undead     |       |       |       |       |       |       |       |     7 |       ||     7
       Freezing Cloud    |       |       |       |       |       |       |       |    10 |    28 ||    38
       Conjure Ball Ligh |       |       |       |       |       |       |       |       |     2 ||     2
 Abil: Hop               |     1 |       |     1 |       |       |       |       |     2 |     3 ||     7
Evoke: Wand              |       |       |       |     3 |     9 |    13 |     2 |    23 |    19 ||    69
       Phantom mirror    |       |       |       |     2 |     2 |     3 |     1 |     2 |       ||    10
       Tin of tremorston |       |       |       |       |     2 |     4 |     3 |       |     2 ||    11
       Condenser vane    |       |       |       |       |     1 |     2 |     4 |       |       ||     7
       Phial of floods   |       |       |       |       |     1 |     1 |       |     1 |       ||     3
  Use: Scroll            |     3 |     7 |     4 |    19 |    21 |    10 |    15 |     6 |    12 ||    97
       Potion            |     2 |     1 |       |     3 |     9 |     3 |    10 |    14 |    15 ||    57
 Stab: Sleeping          |       |     1 |       |     2 |       |       |       |       |       ||     3
       Paralysed         |       |       |       |     8 |    12 |       |       |       |       ||    20
       Distracted        |       |       |       |       |     1 |       |       |       |       ||     1
       Confused          |       |       |       |       |       |       |     1 |       |       ||     1
Armor: Robe              |     8 |     7 |     8 |   193 |   359 |   199 |   101 |    24 |       ||   899
       Skin              |       |     1 |     2 |       |       |       |     3 |       |       ||     6
       Leather armour    |       |       |    73 |     1 |       |       |       |       |       ||    74
       Acid dragon scale |       |       |       |       |       |       |       |    41 |    67 ||   108
Dodge: Dodged            |    31 |    28 |    93 |   192 |   396 |   276 |   192 |   142 |   193 ||  1543
       Repelled          |       |       |       |       |     1 |    26 |     8 |    19 |    29 ||    83
Block: Other             |       |       |     1 |       |       |       |       |       |       ||     1
       Buckler           |       |       |    70 |   214 |   429 |    26 |       |       |       ||   739
       Reflection        |       |       |     1 |     4 |    25 |    61 |    50 |    33 |    35 ||   209
       Kite shield       |       |       |       |       |       |   373 |   253 |   201 |   269 ||  1096
